cohdb
Replays
Latest Replays
All Replays
Popular Replays
Top Player Replays
Match Explorer
How It Works
Community
CoH3 Stats
Reddit
Sign in to upload your games and track your stats! →
Sign in with Steam
Match 38649222
Unlisted
Match 38649222
Overview
Messages
Build Orders
End
Selects Airborne Battlegroup
Selects Heavy Machine Gun Paradrop
Heavy Machine Gun Paradrop
Construct Weapon Support Center
Bazooka Squad
Heavy Machine Gun Paradrop
Infantry Support Center
Selects Paratrooper Squad Paradrop
Paratrooper Squad Paradrop
Paratrooper Squad Paradrop
Construct Tank Depot
Selects Anti-tank Gun Team Paradrop
Anti-tank Gun Team Paradrop
M18 Hellcat Tank Destroyer
Selects Recon Loiter
Selects Supply Drop
M3 Armored Personnel Carrier
Engineer Squad
M4(105) Sherman Bulldozer
Forward Retreat Point
Grumpy
ConcernedApe
北魏说客
God Art
Рубль
fnvkdxod
飞云
Alekel
0
0
Comments
sign in to comment!
No comments posted yet!